Adelaide Pink Elephants vs Cape Breton Oilers
Created - Wednesday, March 15, 2023 at 07:33
Goals
|
| Adelaide Pink Elephants |
2 |
2 |
2 |
6 |
| Cape Breton Oilers |
2 |
2 |
0 |
4 |
|
Shots
|
| Adelaide Pink Elephants |
16 |
11 |
9 |
36 |
| Cape Breton Oilers |
9 |
15 |
6 |
30 |
|
1st period
1. Adelaide Pink Elephants , Sean Monahan 1 (Cal Clutterbuck 1) at 1:21
2. Adelaide Pink Elephants , Johan Larsson 2 (Philippe Myers 2) at 5:18
3. Cape Breton Oilers , Egor Afanasyev 2 (Connor Bunnaman 2, Jack McBain 2) at 11:04
4. Cape Breton Oilers , Jonah Gadjovich 1 (Alexandre Texier 2, Egor Afanasyev 1) at 19:42
Penalties :
No Penalty
2nd period
5. Adelaide Pink Elephants , Cal Clutterbuck 4 (A.J. Greer 2, Robin Salo 2) at 2:12
6. Cape Breton Oilers , Jack McBain 2 (Egor Afanasyev 2, Vladislav Kolyachonok 3) at 7:31
7. Cape Breton Oilers , Jonah Gadjovich 2 (Alexandre Texier 3) at 10:07
8. Adelaide Pink Elephants , Johan Larsson 3 (Ryan Dzingel 3) at 11:09 (PP)
Penalties :
Ryan Dzingel (APE) for Hooking (Minor) at 7:34, Juuso Valimaki (CBO) for Interference (Minor) at 10:58, Carl Grundstrom (CBO) for Interference (Minor) at 11:57, Ryan Dzingel (APE) for Boarding (Double Minor) at 12:45, Caleb Jones (APE) for Holding (Minor) at 19:55
3rd period
9. Adelaide Pink Elephants , Riley Damiani 1 (A.J. Greer 3, Robin Salo 3) at 14:54
10. Adelaide Pink Elephants , Cal Clutterbuck 5 (Ryan Dzingel 4, Johan Larsson 4) at 15:14 (PP)
Penalties :
Nick Cicek (APE) for Tripping (Minor) at 2:11, Nick Cicek (APE) for Roughing (Minor) at 6:13, Jack McBain (CBO) for Slashing (Minor) at 11:35, Carl Grundstrom (CBO) for Holding (Minor) at 15:01
Goalie Stats
Jet Greaves (APE), 26 saves from 30 shots - (0.867), W, 1-2-0, 60:00 minutes
Matthew Villalta (CBO), 30 saves from 36 shots - (0.833), L, 1-2-0, 60:00 minutes
Players Stats for Adelaide Pink Elephants
Player Name G A P +/- PIM S H SB GA TA FO MP PP MP PK MP
------------------------------------------------------------------------------------
A.J. Greer 0 2 2 1 0 2 0 0 0 0 0/0 10:45 0:00 1:01
Adam Gaudette 0 0 0 1 0 4 6 0 1 0 0/0 18:05 1:10 2:45
Axel Jonsson-Fjallby 0 0 0 0 0 0 0 0 0 0 0/0 4:17 0:00 0:02
Cal Clutterbuck 2 1 3 0 0 6 3 0 2 1 2/2 25:15 2:01 4:49
Caleb Jones 0 0 0 0 2 0 1 0 0 0 0/0 28:07 2:12 4:53
Declan Chisholm 0 0 0 0 0 2 1 0 0 0 0/0 24:13 0:59 5:08
Dominik Simon 0 0 0 -2 0 0 2 0 0 0 0/1 10:07 0:00 0:00
Johan Larsson 2 1 3 -2 0 7 2 0 1 1 24/30 26:14 2:01 4:57
Kevin Stenlund 0 0 0 1 0 4 1 0 0 0 1/1 15:09 1:10 0:00
Marc McLaughlin 0 0 0 0 0 0 0 0 0 0 0/0 3:47 0:00 2:48
Matthew Phillips 0 0 0 -2 0 0 1 1 0 0 4/7 9:26 0:00 0:00
Nick Cicek 0 0 0 1 4 0 1 1 0 0 0/0 14:11 0:00 0:43
Philippe Myers 0 1 1 0 0 1 2 0 0 0 0/0 28:04 2:12 6:09
Riley Damiani 1 0 1 1 0 1 1 0 0 0 4/5 8:32 0:00 0:00
Robin Salo 0 2 2 -1 0 2 0 0 1 1 0/0 25:51 0:59 4:35
Ryan Dzingel 0 2 2 0 6 4 2 0 1 0 3/3 15:11 2:00 1:48
Sean Monahan 1 0 1 1 0 3 2 0 0 1 10/12 18:49 1:10 3:18
Tyler Madden 0 0 0 1 0 0 0 0 0 0 0/0 1:57 0:00 0:00
Players Stats for Cape Breton Oilers
Player Name G A P +/- PIM S H SB GA TA FO MP PP MP PK MP
------------------------------------------------------------------------------------
Alexandre Texier 0 2 2 -1 0 4 1 2 1 0 7/36 26:09 5:09 2:13
Alexey Toropchenko 0 0 0 -2 0 0 2 0 0 0 0/0 19:55 5:16 0:09
Carl Grundstrom 0 0 0 -2 4 3 1 1 0 2 0/2 19:53 5:29 0:32
Connor Bunnaman 0 1 1 2 0 4 5 0 0 0 0/0 17:37 5:00 0:32
Egor Afanasyev 1 2 3 2 0 4 0 0 1 0 0/1 17:02 5:00 0:00
Hudson Fasching 0 0 0 1 0 0 1 0 0 0 0/0 10:27 0:13 0:59
Jack McBain 1 1 2 1 2 4 4 1 0 0 4/17 25:00 4:57 1:03
Jonah Gadjovich 2 0 2 1 0 2 2 0 0 0 0/0 7:57 0:00 0:00
Juuso Valimaki 0 0 0 1 2 0 3 1 1 2 0/0 21:42 4:20 0:24
Kevin Bahl 0 0 0 0 0 0 3 1 0 2 0/0 27:34 6:24 2:47
Kody Clark 0 0 0 -1 0 2 0 0 1 0 0/0 9:29 0:00 0:00
Leon Gawanke 0 0 0 -1 0 0 2 0 0 0 0/0 10:57 0:00 0:00
Luke Evangelista 0 0 0 0 0 0 0 0 0 0 1/4 8:21 0:44 0:00
Marcus Pettersson 0 0 0 0 0 3 0 0 0 0 0/0 27:34 6:24 2:47
Max Jones 0 0 0 0 0 0 0 0 0 0 0/0 4:02 0:24 0:54
Philip Broberg 0 0 0 -1 0 4 1 1 0 0 0/0 10:57 0:00 0:00
Vladislav Kolyachonok 0 1 1 1 0 0 1 1 0 0 0/0 21:29 4:20 0:24
Will Cuylle 0 0 0 -1 0 0 0 0 0 0 1/1 9:29 0:00 0:00
3 Stars
1 - Cal Clutterbuck (APE)
2 - Johan Larsson (APE)
3 - Egor Afanasyev (CBO)
Power Play
Adelaide Pink Elephants - 2 on 4 Attempt(s) - 50.00%
Cape Breton Oilers - 0 on 6 Attempt(s) - 0.00%
Penalty Kill
Adelaide Pink Elephants - 6 on 6 Attempt(s) - 100.00%
- Score 0 goal in Penalty Kill
Cape Breton Oilers - 2 on 4 Attempt(s) - 50.00%
- Score 0 goal in Penalty Kill
Team Stat
Adelaide Pink Elephants - Hits : 25 - Faceoff Wins : 48 - Blocked Shots : 2 - Penalty Minutes : 12
Cape Breton Oilers - Hits : 26 - Faceoff Wins : 13 - Blocked Shots : 8 - Penalty Minutes : 8
Official
Referees : Mike Leggo and Kendrick Nicholson
Linesman : Kiel Murchison and Jonny Murray
Game Notes
No Game Note
Adelaide Pink Elephants
5 vs 5 Forward
Center Left Wing Right Wing Time % Phy DF OF
1 Johan Larsson Ryan Dzingel Cal Clutterbuck 40 1 2 2
2 Sean Monahan Adam Gaudette Kevin Stenlund 30 1 2 2
3 Matthew Phillips Dominik Simon Johan Larsson 20 1 2 2
4 Riley Damiani A.J. Greer Cal Clutterbuck 10 1 2 2
5 vs 5 Defense
Defense Defense Time % Phy DF OF
1 Caleb Jones Philippe Myers 40 1 2 2
2 Robin Salo Declan Chisholm 30 1 2 2
3 Nick Cicek Caleb Jones 20 1 2 2
4 Philippe Myers Robin Salo 10 1 2 2
PowerPlay Forward
Center Left Wing Right Wing Time % Phy DF OF
1 Johan Larsson Ryan Dzingel Cal Clutterbuck 60 1 2 2
2 Sean Monahan Adam Gaudette Kevin Stenlund 40 1 2 2
PowerPlay Defense
Defense Defense Time % Phy DF OF
1 Caleb Jones Philippe Myers 60 1 2 2
2 Robin Salo Declan Chisholm 40 1 2 2
Penalty Kill 4 Players Forward
Center Wing Time % Phy DF OF
1 Johan Larsson Cal Clutterbuck 60 1 2 2
2 Sean Monahan Ryan Dzingel 40 1 2 2
Penalty Kill 4 Players Defense
Defense Defense Time % Phy DF OF
1 Caleb Jones Philippe Myers 60 1 2 2
2 Robin Salo Declan Chisholm 40 1 2 2
Penalty Kill - 3 Players Forward
Forward Time % Phy DF OF
1 Johan Larsson 60 1 2 2
2 Cal Clutterbuck 40 1 2 2
Penalty Kill - 3 Players Defense
Defense Defense Time % Phy DF OF
1 Caleb Jones Philippe Myers 60 1 2 2
2 Robin Salo Declan Chisholm 40 1 2 2
4 vs 4 Forward
Center Wing Time % Phy DF OF
1 Johan Larsson Cal Clutterbuck 60 1 2 2
2 Sean Monahan Ryan Dzingel 40 1 2 2
4 vs 4 Defense
Defense Defense Time % Phy DF OF
1 Caleb Jones Philippe Myers 60 1 2 2
2 Robin Salo Declan Chisholm 40 1 2 2
Last Minutes Offensive
Center Left Wing Right Wing Defense Defense
Johan Larsson Ryan Dzingel Cal Clutterbuck Caleb Jones Philippe Myers
Last Minutes Defensive
Center Left Wing Right Wing Defense Defense
Johan Larsson Ryan Dzingel Cal Clutterbuck Caleb Jones Philippe Myers
Goaltenders
Starting : Jet Greaves
Backup : Matthew Murray
Extra Forwards
Normal : Axel Jonsson-Fjallby, Tyler Madden, Marc McLaughlin - PP : Axel Jonsson-Fjallby, Tyler Madden - PK : Marc McLaughlin
Extra Defensemen
Normal : Nick Cicek, Declan Chisholm, Caleb Jones - PP : Nick Cicek - PK : Declan Chisholm, Caleb Jones
Penalty Shots
Johan Larsson, Cal Clutterbuck, Sean Monahan, Ryan Dzingel, Adam Gaudette
Cape Breton Oilers
5 vs 5 Forward
Center Left Wing Right Wing Time % Phy DF OF
1 Alexandre Texier Carl Grundstrom Alexey Toropchenko 40 1 2 2
2 Jack McBain Connor Bunnaman Egor Afanasyev 30 1 2 2
3 Alexandre Texier Jonah Gadjovich Hudson Fasching 20 1 2 2
4 Jack McBain Will Cuylle Kody Clark 10 1 2 2
5 vs 5 Defense
Defense Defense Time % Phy DF OF
1 Marcus Pettersson Kevin Bahl 40 1 2 2
2 Juuso Valimaki Vladislav Kolyachonok 30 1 2 2
3 Philip Broberg Leon Gawanke 20 1 2 2
4 Marcus Pettersson Kevin Bahl 10 1 2 2
PowerPlay Forward
Center Left Wing Right Wing Time % Phy DF OF
1 Alexandre Texier Carl Grundstrom Alexey Toropchenko 60 1 2 2
2 Jack McBain Connor Bunnaman Egor Afanasyev 40 1 2 2
PowerPlay Defense
Defense Defense Time % Phy DF OF
1 Marcus Pettersson Kevin Bahl 60 1 2 2
2 Juuso Valimaki Vladislav Kolyachonok 40 1 2 2
Penalty Kill 4 Players Forward
Center Wing Time % Phy DF OF
1 Alexandre Texier Jack McBain 60 1 2 2
2 Carl Grundstrom Alexey Toropchenko 40 1 2 2
Penalty Kill 4 Players Defense
Defense Defense Time % Phy DF OF
1 Marcus Pettersson Kevin Bahl 60 1 2 2
2 Juuso Valimaki Vladislav Kolyachonok 40 1 2 2
Penalty Kill - 3 Players Forward
Forward Time % Phy DF OF
1 Alexandre Texier 60 1 2 2
2 Jack McBain 40 1 2 2
Penalty Kill - 3 Players Defense
Defense Defense Time % Phy DF OF
1 Marcus Pettersson Kevin Bahl 60 1 2 2
2 Juuso Valimaki Vladislav Kolyachonok 40 1 2 2
4 vs 4 Forward
Center Wing Time % Phy DF OF
1 Alexandre Texier Jack McBain 60 1 2 2
2 Carl Grundstrom Alexey Toropchenko 40 1 2 2
4 vs 4 Defense
Defense Defense Time % Phy DF OF
1 Marcus Pettersson Kevin Bahl 60 1 2 2
2 Juuso Valimaki Vladislav Kolyachonok 40 1 2 2
Last Minutes Offensive
Center Left Wing Right Wing Defense Defense
Alexandre Texier Carl Grundstrom Alexey Toropchenko Marcus Pettersson Kevin Bahl
Last Minutes Defensive
Center Left Wing Right Wing Defense Defense
Alexandre Texier Carl Grundstrom Alexey Toropchenko Marcus Pettersson Kevin Bahl
Goaltenders
Starting : Matthew Villalta
Backup : Jack LaFontaine
Extra Forwards
Normal : Luke Evangelista, Max Jones, Hudson Fasching - PP : Luke Evangelista, Max Jones - PK : Hudson Fasching
Extra Defensemen
Normal : Philip Broberg, Leon Gawanke, Juuso Valimaki - PP : Philip Broberg - PK : Leon Gawanke, Juuso Valimaki
Penalty Shots
Alexandre Texier, Jack McBain, Carl Grundstrom, Alexey Toropchenko, Connor Bunnaman
% Time on Ice - Adelaide Pink Elephants
Lines # - Real PCT - Wanted PCT - Time Play
Normal Forward
1 - 25% - 40% - 11:17
2 - 35% - 30% - 15:39
3 - 21% - 20% - 9:26
4 - 19% - 10% - 8:32
Normal Defense
1 - 34% - 40% - 15:14
2 - 30% - 30% - 13:36
3 - 25% - 20% - 11:25
4 - 10% - 10% - 4:39
PP Forward
1 - 63% - 60% - 2:01
2 - 37% - 40% - 1:10
PP Defense
1 - 69% - 60% - 2:12
2 - 31% - 40% - 0:59
PK Forward
1 - 69% - 60% - 7:26
2 - 31% - 40% - 3:18
PK Defense
1 - 64% - 60% - 6:52
2 - 36% - 40% - 3:52
PK3 Forward
1 - 0% - 60%
2 - 0% - 40%
PK3 Defense
1 - 0% - 60%
2 - 0% - 40%
44 Forward
1 - 75% - 60% - 0:53
2 - 25% - 40% - 0:18
44 Defense
1 - 38% - 60% - 0:27
2 - 62% - 40% - 0:44
Last Minute Offensive - 0:00
Last Minute Defensive - 0:00
Total
Forward - 60:00
Defense - 60:00
|
% Time on Ice - Cape Breton Oilers
Lines # - Real PCT - Wanted PCT - Time Play
Normal Forward
1 - 33% - 40% - 14:50
2 - 28% - 30% - 12:42
3 - 18% - 20% - 7:53
4 - 21% - 10% - 9:29
Normal Defense
1 - 36% - 40% - 16:14
2 - 35% - 30% - 15:46
3 - 24% - 20% - 10:57
4 - 4% - 10% - 1:57
PP Forward
1 - 53% - 60% - 5:44
2 - 47% - 40% - 5:00
PP Defense
1 - 60% - 60% - 6:24
2 - 40% - 40% - 4:20
PK Forward
1 - 95% - 60% - 3:02
2 - 5% - 40% - 0:09
PK Defense
1 - 87% - 60% - 2:47
2 - 13% - 40% - 0:24
PK3 Forward
1 - 0% - 60%
2 - 0% - 40%
PK3 Defense
1 - 0% - 60%
2 - 0% - 40%
44 Forward
1 - 61% - 60% - 0:43
2 - 39% - 40% - 0:28
44 Defense
1 - 17% - 60% - 0:12
2 - 83% - 40% - 0:59
Last Minute Offensive - 0:00
Last Minute Defensive - 0:00
Total
Forward - 60:00
Defense - 60:00
|
Play-by-Play
1st period
0:01 of 1st period - Johan Larsson wins face-off versus Alexandre Texier in neutral zone.
0:06 of 1st period - Marcus Pettersson is hit by Cal Clutterbuck and loses puck.
0:25 of 1st period - Adam Gaudette is hit by Connor Bunnaman and loses puck.
0:46 of 1st period - Hudson Fasching is hit by Declan Chisholm and loses puck.
1:19 of 1st period - Wrist shot by Sean Monahan.
1:19 of 1st period - Shot Misses the Net.
1:21 of 1st period - Snap shot by Sean Monahan.
1:21 of 1st period - Goal by Sean Monahan - Adelaide Pink Elephants : 1 - Cape Breton Oilers : 0.
1:22 of 1st period - Johan Larsson wins face-off versus Jack McBain in neutral zone.
1:31 of 1st period - Slapshot by Ryan Dzingel.
1:31 of 1st period - Shot Blocked by Jack McBain.
2:13 of 1st period - Nick Cicek is hit by Hudson Fasching and loses puck.
2:35 of 1st period - Cal Clutterbuck is hit by Philip Broberg and loses puck.
3:49 of 1st period - Dominik Simon is hit by Alexey Toropchenko and loses puck.
4:04 of 1st period - Jack McBain is hit by Adam Gaudette.
4:27 of 1st period - Jonah Gadjovich is hit by Ryan Dzingel and loses puck.
4:35 of 1st period - Icing by Philip Broberg.
4:36 of 1st period - Riley Damiani wins face-off versus Alexandre Texier in Cape Breton Oilers zone.
5:02 of 1st period - Snap shot by Jack McBain.
5:02 of 1st period - Shot Misses the Net.
5:04 of 1st period - Slapshot by Connor Bunnaman.
5:04 of 1st period - Stopped by Jet Greaves with a rebound.
5:06 of 1st period - Slapshot by Jack McBain.
5:06 of 1st period - Shot Hit the Post.
5:18 of 1st period - Snap shot by Johan Larsson.
5:18 of 1st period - Goal by Johan Larsson - Adelaide Pink Elephants : 2 - Cape Breton Oilers : 0.
5:19 of 1st period - Johan Larsson wins face-off versus Jack McBain in neutral zone.
5:46 of 1st period - Alexandre Texier is hit by Adam Gaudette and loses puck.
5:55 of 1st period - Snap shot by Sean Monahan.
5:55 of 1st period - Stopped by Matthew Villalta without a rebound.
5:56 of 1st period - Johan Larsson wins face-off versus Jack McBain in Cape Breton Oilers zone.
5:57 of 1st period - Snap shot by Cal Clutterbuck.
5:57 of 1st period - Stopped by Matthew Villalta with a rebound.
6:03 of 1st period - Backhand shot by Johan Larsson.
6:03 of 1st period - Stopped by Matthew Villalta with a rebound.
6:21 of 1st period - Snap shot by Alexandre Texier.
6:21 of 1st period - Stopped by Jet Greaves with a rebound.
6:23 of 1st period - Slapshot by Jonah Gadjovich.
6:23 of 1st period - Shot Misses the Net.
6:25 of 1st period - Slapshot by Philip Broberg.
6:25 of 1st period - Stopped by Jet Greaves with a rebound.
6:47 of 1st period - Wrist shot by Johan Larsson.
6:47 of 1st period - Shot Misses the Net.
6:57 of 1st period - Wrist shot by Johan Larsson.
6:57 of 1st period - Stopped by Matthew Villalta with a rebound.
6:59 of 1st period - Slapshot by Ryan Dzingel.
6:59 of 1st period - Shot Blocked by Philip Broberg.
7:05 of 1st period - Wrist shot by Johan Larsson.
7:05 of 1st period - Stopped by Matthew Villalta with a rebound.
7:07 of 1st period - Slapshot by Philippe Myers.
7:07 of 1st period - Deflect By Johan Larsson.
7:07 of 1st period - Shot Misses the Net.
7:07 of 1st period - Puck is out of play.
7:08 of 1st period - Sean Monahan wins face-off versus Jack McBain in Cape Breton Oilers zone.
7:11 of 1st period - Wrist shot by Sean Monahan.
7:11 of 1st period - Deflect By Kevin Stenlund.
7:11 of 1st period - Stopped by Matthew Villalta with a rebound.
7:13 of 1st period - Snap shot by Adam Gaudette.
7:13 of 1st period - Shot Misses the Net.
7:15 of 1st period - Snap shot by Sean Monahan.
7:15 of 1st period - Shot Blocked by Juuso Valimaki.
7:30 of 1st period - Icing by Vladislav Kolyachonok.
7:31 of 1st period - Jack McBain wins face-off versus Matthew Phillips in Cape Breton Oilers zone.
8:17 of 1st period - Wrist shot by Cal Clutterbuck.
8:17 of 1st period - Stopped by Matthew Villalta with a rebound.
8:28 of 1st period - Icing by Declan Chisholm.
8:29 of 1st period - Matthew Phillips wins face-off versus Jack McBain in Adelaide Pink Elephants zone.
8:54 of 1st period - Slapshot by Sean Monahan.
8:54 of 1st period - Shot Misses the Net.
8:56 of 1st period - Backhand shot by Declan Chisholm.
8:56 of 1st period - Shot Misses the Net.
8:58 of 1st period - Wrist shot by Adam Gaudette.
8:58 of 1st period - Stopped by Matthew Villalta with a rebound.
9:00 of 1st period - Slapshot by Kevin Stenlund.
9:00 of 1st period - Stopped by Matthew Villalta with a rebound.
9:20 of 1st period - Wrist shot by Riley Damiani.
9:20 of 1st period - Shot Misses the Net.
9:53 of 1st period - Icing by Vladislav Kolyachonok.
9:54 of 1st period - Johan Larsson wins face-off versus Alexandre Texier in Cape Breton Oilers zone.
10:20 of 1st period - Wrist shot by Adam Gaudette.
10:20 of 1st period - Shot Misses the Net.
11:02 of 1st period - Wrist shot by Connor Bunnaman.
11:02 of 1st period - Stopped by Jet Greaves with a rebound.
11:04 of 1st period - Snap shot by Egor Afanasyev.
11:04 of 1st period - Goal by Egor Afanasyev - Adelaide Pink Elephants : 2 - Cape Breton Oilers : 1.
11:05 of 1st period - Sean Monahan wins face-off versus Alexandre Texier in neutral zone.
11:07 of 1st period - Off-side.
11:08 of 1st period - Sean Monahan wins face-off versus Alexandre Texier in neutral zone.
11:13 of 1st period - Slapshot by Kevin Stenlund.
11:13 of 1st period - Deflect By Sean Monahan.
11:13 of 1st period - Shot Blocked by Alexandre Texier.
11:13 of 1st period - Puck is out of play.
11:14 of 1st period - Sean Monahan wins face-off versus Alexandre Texier in Cape Breton Oilers zone.
11:34 of 1st period - Alexey Toropchenko is hit by Kevin Stenlund and loses puck.
12:27 of 1st period - Off-side.
12:28 of 1st period - Johan Larsson wins face-off versus Jack McBain in neutral zone.
12:55 of 1st period - Icing by Robin Salo.
12:56 of 1st period - Will Cuylle wins face-off versus Dominik Simon in Adelaide Pink Elephants zone.
13:07 of 1st period - Jack McBain is hit by Johan Larsson and loses puck.
14:22 of 1st period - Kevin Bahl is hit by Dominik Simon and loses puck.
14:53 of 1st period - Icing by Hudson Fasching.
14:54 of 1st period - Riley Damiani wins face-off versus Alexandre Texier in Cape Breton Oilers zone.
14:59 of 1st period - Snap shot by Sean Monahan.
14:59 of 1st period - Shot Misses the Net.
15:01 of 1st period - Wrist shot by Sean Monahan.
15:01 of 1st period - Shot Misses the Net.
15:03 of 1st period - Wrist shot by Kevin Stenlund.
15:03 of 1st period - Stopped by Matthew Villalta with a rebound.
15:05 of 1st period - Slapshot by Philippe Myers.
15:05 of 1st period - Stopped by Matthew Villalta with a rebound.
15:15 of 1st period - Robin Salo is hit by Jack McBain and loses puck.
15:44 of 1st period - Snap shot by Adam Gaudette.
15:44 of 1st period - Stopped by Matthew Villalta with a rebound.
15:46 of 1st period - Snap shot by Robin Salo.
15:46 of 1st period - Stopped by Matthew Villalta with a rebound.
15:48 of 1st period - Slapshot by Kevin Stenlund.
15:48 of 1st period - Stopped by Matthew Villalta with a rebound.
15:50 of 1st period - Snap shot by Robin Salo.
15:50 of 1st period - Shot Blocked by Kevin Bahl.
16:00 of 1st period - A.J. Greer is hit by Connor Bunnaman and loses puck.
16:16 of 1st period - Icing by Caleb Jones.
16:17 of 1st period - Matthew Phillips wins face-off versus Luke Evangelista in Adelaide Pink Elephants zone.
16:22 of 1st period - Caleb Jones is hit by Vladislav Kolyachonok and loses puck.
16:43 of 1st period - Johan Larsson is hit by Carl Grundstrom and loses puck.
16:48 of 1st period - Wrist shot by Alexandre Texier.
16:48 of 1st period - Shot Misses the Net.
17:09 of 1st period - Declan Chisholm is hit by Connor Bunnaman.
17:42 of 1st period - Slapshot by Jack McBain.
17:42 of 1st period - Stopped by Jet Greaves with a rebound.
17:44 of 1st period - Snap shot by Carl Grundstrom.
17:44 of 1st period - Shot Misses the Net.
17:46 of 1st period - Slapshot by Kevin Bahl.
17:46 of 1st period - Shot Misses the Net.
18:32 of 1st period - Alexey Toropchenko is hit by Philippe Myers and loses puck.
18:59 of 1st period - Snap shot by Jack McBain.
18:59 of 1st period - Stopped by Jet Greaves without a rebound.
19:00 of 1st period - Sean Monahan wins face-off versus Jack McBain in Adelaide Pink Elephants zone.
19:05 of 1st period - Philippe Myers is hit by Leon Gawanke and loses puck.
19:12 of 1st period - Kody Clark is hit by Adam Gaudette and loses puck.
19:42 of 1st period - Wrist shot by Jonah Gadjovich.
19:42 of 1st period - Goal by Jonah Gadjovich - Adelaide Pink Elephants : 2 - Cape Breton Oilers : 2.
19:43 of 1st period - Alexandre Texier wins face-off versus Johan Larsson in neutral zone.
19:58 of 1st period - Snap shot by Carl Grundstrom.
19:58 of 1st period - Stopped by Jet Greaves without a rebound.
19:59 of 1st period - Johan Larsson wins face-off versus Jack McBain in Adelaide Pink Elephants zone.
Goals for this period are 2 for Adelaide Pink Elephants vs 2 for Cape Breton Oilers.
Shots for this period are 16 for Adelaide Pink Elephants vs 9 for Cape Breton Oilers.
2nd period
0:01 of 2nd period - Ryan Dzingel wins face-off versus Alexandre Texier in neutral zone.
0:27 of 2nd period - Jack McBain is hit by Adam Gaudette and loses puck.
0:54 of 2nd period - Wrist shot by Marcus Pettersson.
0:54 of 2nd period - Stopped by Jet Greaves with a rebound.
0:56 of 2nd period - Snap shot by Alexandre Texier.
0:56 of 2nd period - Stopped by Jet Greaves with a rebound.
1:06 of 2nd period - Slapshot by Vladislav Kolyachonok.
1:06 of 2nd period - Shot Misses the Net.
1:11 of 2nd period - Icing by Cal Clutterbuck.
1:12 of 2nd period - Riley Damiani wins face-off versus Alexandre Texier in Adelaide Pink Elephants zone.
1:51 of 2nd period - Slapshot by A.J. Greer.
1:51 of 2nd period - Stopped by Matthew Villalta with a rebound.
1:53 of 2nd period - Wrist shot by Cal Clutterbuck.
1:53 of 2nd period - Deflect By A.J. Greer.
1:53 of 2nd period - Stopped by Matthew Villalta with a rebound.
1:55 of 2nd period - Slapshot by Declan Chisholm.
1:55 of 2nd period - Stopped by Matthew Villalta with a rebound.
1:57 of 2nd period - Snap shot by Riley Damiani.
1:57 of 2nd period - Shot Misses the Net.
1:59 of 2nd period - Slapshot by Riley Damiani.
1:59 of 2nd period - Shot Blocked by Alexandre Texier.
2:01 of 2nd period - Snap shot by Robin Salo.
2:01 of 2nd period - Shot Blocked by Vladislav Kolyachonok.
2:10 of 2nd period - Snap shot by Cal Clutterbuck.
2:10 of 2nd period - Stopped by Matthew Villalta with a rebound.
2:12 of 2nd period - Snap shot by Cal Clutterbuck.
2:12 of 2nd period - Goal by Cal Clutterbuck - Adelaide Pink Elephants : 3 - Cape Breton Oilers : 2.
2:13 of 2nd period - Jack McBain wins face-off versus Sean Monahan in neutral zone.
2:29 of 2nd period - Philippe Myers is hit by Jack McBain and loses puck.
2:42 of 2nd period - Caleb Jones is hit by Jonah Gadjovich and loses puck.
5:37 of 2nd period - Adam Gaudette is hit by Jonah Gadjovich and loses puck.
5:59 of 2nd period - Icing by Marcus Pettersson.
6:00 of 2nd period - Luke Evangelista wins face-off versus Matthew Phillips in Cape Breton Oilers zone.
6:45 of 2nd period - Wrist shot by Carl Grundstrom.
6:45 of 2nd period - Shot Misses the Net.
6:55 of 2nd period - Slapshot by Connor Bunnaman.
6:55 of 2nd period - Stopped by Jet Greaves without a rebound.
6:56 of 2nd period - Jack McBain wins face-off versus Matthew Phillips in Adelaide Pink Elephants zone.
6:57 of 2nd period - Snap shot by Egor Afanasyev.
6:57 of 2nd period - Stopped by Jet Greaves without a rebound.
6:58 of 2nd period - Matthew Phillips wins face-off versus Jack McBain in Adelaide Pink Elephants zone.
7:11 of 2nd period - Snap shot by Egor Afanasyev.
7:11 of 2nd period - Stopped by Jet Greaves with a rebound.
7:19 of 2nd period - Snap shot by Egor Afanasyev.
7:19 of 2nd period - Shot Misses the Net.
7:21 of 2nd period - Snap shot by Egor Afanasyev.
7:21 of 2nd period - Stopped by Jet Greaves with a rebound.
7:23 of 2nd period - Snap shot by Jack McBain.
7:23 of 2nd period - Shot Blocked by Matthew Phillips.
7:31 of 2nd period - Snap shot by Jack McBain.
7:31 of 2nd period - Goal by Jack McBain - Adelaide Pink Elephants : 3 - Cape Breton Oilers : 3.
7:32 of 2nd period - Cal Clutterbuck wins face-off versus Alexandre Texier in neutral zone.
7:34 of 2nd period - Minor Penalty to Ryan Dzingel for Hooking.
7:35 of 2nd period - Johan Larsson wins face-off versus Alexandre Texier in Adelaide Pink Elephants zone.
8:17 of 2nd period - Declan Chisholm is hit by Alexey Toropchenko and loses puck.
9:34 of 2nd period - Penalty to Ryan Dzingel is over, Ryan Dzingel is back on ice.
9:59 of 2nd period - Wrist shot by Philip Broberg.
9:59 of 2nd period - Stopped by Jet Greaves with a rebound.
10:01 of 2nd period - Slapshot by Kody Clark.
10:01 of 2nd period - Shot Misses the Net.
10:03 of 2nd period - Wrist shot by Will Cuylle.
10:03 of 2nd period - Shot Misses the Net.
10:05 of 2nd period - Slapshot by Philip Broberg.
10:05 of 2nd period - Stopped by Jet Greaves without a rebound.
10:06 of 2nd period - Alexandre Texier wins face-off versus Riley Damiani in Adelaide Pink Elephants zone.
10:07 of 2nd period - Snap shot by Jonah Gadjovich.
10:07 of 2nd period - Goal by Jonah Gadjovich - Adelaide Pink Elephants : 3 - Cape Breton Oilers : 4.
10:08 of 2nd period - Johan Larsson wins face-off versus Alexandre Texier in neutral zone.
10:23 of 2nd period - Snap shot by Alexandre Texier.
10:23 of 2nd period - Stopped by Jet Greaves with a rebound.
10:35 of 2nd period - Egor Afanasyev is hit by Caleb Jones and loses puck.
10:44 of 2nd period - Wrist shot by Adam Gaudette.
10:44 of 2nd period - Shot Misses the Net.
10:47 of 2nd period - Icing by Connor Bunnaman.
10:48 of 2nd period - Johan Larsson wins face-off versus Jack McBain in Cape Breton Oilers zone.
10:58 of 2nd period - Minor Penalty to Juuso Valimaki for Interference.
10:59 of 2nd period - Johan Larsson wins face-off versus Alexandre Texier in Cape Breton Oilers zone.
11:09 of 2nd period - Snap shot by Johan Larsson.
11:09 of 2nd period - Goal by Johan Larsson - Adelaide Pink Elephants : 4 - Cape Breton Oilers : 4.
11:10 of 2nd period - Johan Larsson wins face-off versus Alexandre Texier in neutral zone.
11:20 of 2nd period - Off-side.
11:21 of 2nd period - Johan Larsson wins face-off versus Alexandre Texier in neutral zone.
11:25 of 2nd period - Philippe Myers is hit by Kevin Bahl and loses puck.
11:30 of 2nd period - Slapshot by Ryan Dzingel.
11:30 of 2nd period - Stopped by Matthew Villalta without a rebound.
11:31 of 2nd period - Johan Larsson wins face-off versus Alexandre Texier in Cape Breton Oilers zone.
11:57 of 2nd period - Minor Penalty to Carl Grundstrom for Interference.
11:58 of 2nd period - Johan Larsson wins face-off versus Alexandre Texier in Cape Breton Oilers zone.
12:13 of 2nd period - Slapshot by Johan Larsson.
12:13 of 2nd period - Shot Misses the Net.
12:29 of 2nd period - Alexandre Texier is hit by Sean Monahan and loses puck.
12:45 of 2nd period - Double Minor Penalty to Ryan Dzingel for Boarding.
12:46 of 2nd period - Alexandre Texier wins face-off versus Johan Larsson in Adelaide Pink Elephants zone.
13:02 of 2nd period - Slapshot by Cal Clutterbuck.
13:02 of 2nd period - Shot Misses the Net.
13:34 of 2nd period - Vladislav Kolyachonok is hit by Cal Clutterbuck and loses puck.
13:57 of 2nd period - Penalty to Carl Grundstrom is over, Carl Grundstrom is back on ice.
14:05 of 2nd period - Slapshot by Marcus Pettersson.
14:05 of 2nd period - Stopped by Jet Greaves without a rebound.
14:06 of 2nd period - Sean Monahan wins face-off versus Alexandre Texier in Adelaide Pink Elephants zone.
14:56 of 2nd period - Wrist shot by Adam Gaudette.
14:56 of 2nd period - Stopped by Matthew Villalta without a rebound.
14:57 of 2nd period - Johan Larsson wins face-off versus Jack McBain in Cape Breton Oilers zone.
16:41 of 2nd period - Off-side.
16:42 of 2nd period - Sean Monahan wins face-off versus Luke Evangelista in neutral zone.
16:45 of 2nd period - Penalty to Ryan Dzingel is over, Ryan Dzingel is back on ice.
16:51 of 2nd period - Snap shot by Sean Monahan.
16:51 of 2nd period - Shot Misses the Net.
17:05 of 2nd period - Sean Monahan is hit by Juuso Valimaki and loses puck.
17:20 of 2nd period - Wrist shot by Johan Larsson.
17:20 of 2nd period - Stopped by Matthew Villalta with a rebound.
17:31 of 2nd period - Off-side.
17:32 of 2nd period - Sean Monahan wins face-off versus Alexandre Texier in neutral zone.
17:39 of 2nd period - Snap shot by Sean Monahan.
17:39 of 2nd period - Shot Misses the Net.
18:13 of 2nd period - Off-side.
18:14 of 2nd period - Riley Damiani wins face-off versus Jack McBain in neutral zone.
18:21 of 2nd period - Backhand shot by Riley Damiani.
18:21 of 2nd period - Shot Misses the Net.
18:23 of 2nd period - Snap shot by Cal Clutterbuck.
18:23 of 2nd period - Stopped by Matthew Villalta without a rebound.
18:24 of 2nd period - Alexandre Texier wins face-off versus Johan Larsson in Cape Breton Oilers zone.
18:24 of 2nd period - Alexandre Texier is hit by Johan Larsson.
18:47 of 2nd period - Egor Afanasyev is hit by Adam Gaudette.
18:55 of 2nd period - Slapshot by Marcus Pettersson.
18:55 of 2nd period - Stopped by Jet Greaves without a rebound.
18:56 of 2nd period - Johan Larsson wins face-off versus Alexandre Texier in Adelaide Pink Elephants zone.
19:07 of 2nd period - Snap shot by Ryan Dzingel.
19:07 of 2nd period - Stopped by Matthew Villalta without a rebound.
19:08 of 2nd period - Johan Larsson wins face-off versus Jack McBain in Cape Breton Oilers zone.
19:12 of 2nd period - Icing by Jack McBain.
19:13 of 2nd period - Johan Larsson wins face-off versus Egor Afanasyev in Cape Breton Oilers zone.
19:39 of 2nd period - Slapshot by Jack McBain.
19:39 of 2nd period - Stopped by Jet Greaves without a rebound.
19:40 of 2nd period - Sean Monahan wins face-off versus Alexandre Texier in Adelaide Pink Elephants zone.
19:40 of 2nd period - Sean Monahan is hit by Alexandre Texier.
19:52 of 2nd period - Wrist shot by Alexandre Texier.
19:52 of 2nd period - Stopped by Jet Greaves without a rebound.
19:53 of 2nd period - Ryan Dzingel wins face-off versus Carl Grundstrom in Adelaide Pink Elephants zone.
19:55 of 2nd period - Minor Penalty to Caleb Jones for Holding.
19:56 of 2nd period - Alexandre Texier wins face-off versus Johan Larsson in Adelaide Pink Elephants zone.
Goals for this period are 2 for Adelaide Pink Elephants vs 2 for Cape Breton Oilers.
Shots for this period are 11 for Adelaide Pink Elephants vs 15 for Cape Breton Oilers.
3rd period
0:01 of 3rd period - Johan Larsson wins face-off versus Alexandre Texier in neutral zone.
0:25 of 3rd period - Johan Larsson is hit by Kevin Bahl.
1:32 of 3rd period - Jack McBain is hit by Adam Gaudette and loses puck.
1:39 of 3rd period - Adam Gaudette is hit by Connor Bunnaman and loses puck.
1:55 of 3rd period - Penalty to Caleb Jones is over, Caleb Jones is back on ice.
2:11 of 3rd period - Minor Penalty to Nick Cicek for Tripping.
2:12 of 3rd period - Jack McBain wins face-off versus Johan Larsson in Adelaide Pink Elephants zone.
2:12 of 3rd period - Snap shot by Egor Afanasyev.
2:12 of 3rd period - Shot Misses the Net.
2:22 of 3rd period - Caleb Jones is hit by Jack McBain and loses puck.
2:39 of 3rd period - Snap shot by Sean Monahan.
2:39 of 3rd period - Stopped by Matthew Villalta without a rebound.
2:40 of 3rd period - Ryan Dzingel wins face-off versus Carl Grundstrom in Cape Breton Oilers zone.
3:45 of 3rd period - Alexandre Texier is hit by Philippe Myers.
4:11 of 3rd period - Penalty to Nick Cicek is over, Nick Cicek is back on ice.
4:14 of 3rd period - Sean Monahan is hit by Juuso Valimaki and loses puck.
4:27 of 3rd period - Wrist shot by Sean Monahan.
4:27 of 3rd period - Deflect By Adam Gaudette.
4:27 of 3rd period - Stopped by Matthew Villalta with a rebound.
4:29 of 3rd period - Snap shot by Axel Jonsson-Fjallby.
4:29 of 3rd period - Shot Misses the Net.
4:31 of 3rd period - Slapshot by Declan Chisholm.
4:31 of 3rd period - Stopped by Matthew Villalta with a rebound.
4:33 of 3rd period - Slapshot by Robin Salo.
4:33 of 3rd period - Stopped by Matthew Villalta without a rebound.
4:34 of 3rd period - Kevin Stenlund wins face-off versus Alexandre Texier in Cape Breton Oilers zone.
4:39 of 3rd period - Snap shot by Kevin Stenlund.
4:39 of 3rd period - Shot Misses the Net.
5:45 of 3rd period - Snap shot by Ryan Dzingel.
5:45 of 3rd period - Stopped by Matthew Villalta with a rebound.
6:13 of 3rd period - Minor Penalty to Nick Cicek for Roughing.
6:14 of 3rd period - Johan Larsson wins face-off versus Alexandre Texier in Adelaide Pink Elephants zone.
6:41 of 3rd period - Cal Clutterbuck is hit by Kevin Bahl and loses puck.
6:56 of 3rd period - Snap shot by Sean Monahan.
6:56 of 3rd period - Shot Misses the Net.
8:13 of 3rd period - Penalty to Nick Cicek is over, Nick Cicek is back on ice.
8:26 of 3rd period - Jonah Gadjovich is hit by Matthew Phillips and loses puck.
8:37 of 3rd period - Wrist shot by Kody Clark.
8:37 of 3rd period - Shot Misses the Net.
8:43 of 3rd period - Wrist shot by Kody Clark.
8:43 of 3rd period - Stopped by Jet Greaves with a rebound.
8:45 of 3rd period - Slapshot by Will Cuylle.
8:45 of 3rd period - Shot Misses the Net.
8:47 of 3rd period - Slapshot by Kody Clark.
8:47 of 3rd period - Shot Blocked by Nick Cicek.
8:49 of 3rd period - Snap shot by Kody Clark.
8:49 of 3rd period - Stopped by Jet Greaves with a rebound.
9:13 of 3rd period - Carl Grundstrom is hit by Nick Cicek and loses puck.
9:18 of 3rd period - Snap shot by Johan Larsson.
9:18 of 3rd period - Deflect By Dominik Simon.
9:18 of 3rd period - Shot Blocked by Carl Grundstrom.
9:18 of 3rd period - Puck is out of play.
9:19 of 3rd period - Matthew Phillips wins face-off versus Luke Evangelista in Cape Breton Oilers zone.
9:20 of 3rd period - Wrist shot by Johan Larsson.
9:20 of 3rd period - Stopped by Matthew Villalta with a rebound.
9:42 of 3rd period - Snap shot by Connor Bunnaman.
9:42 of 3rd period - Stopped by Jet Greaves with a rebound.
9:44 of 3rd period - Snap shot by Philip Broberg.
9:44 of 3rd period - Stopped by Jet Greaves with a rebound.
10:25 of 3rd period - Snap shot by Jack McBain.
10:25 of 3rd period - Shot Misses the Net.
10:37 of 3rd period - Will Cuylle is hit by Cal Clutterbuck and loses puck.
11:05 of 3rd period - Snap shot by Carl Grundstrom.
11:05 of 3rd period - Stopped by Jet Greaves without a rebound.
11:06 of 3rd period - Alexandre Texier wins face-off versus Sean Monahan in Adelaide Pink Elephants zone.
11:07 of 3rd period - Wrist shot by Carl Grundstrom.
11:07 of 3rd period - Stopped by Jet Greaves without a rebound.
11:08 of 3rd period - Johan Larsson wins face-off versus Alexandre Texier in Adelaide Pink Elephants zone.
11:08 of 3rd period - Johan Larsson is hit by Juuso Valimaki.
11:35 of 3rd period - Minor Penalty to Jack McBain for Slashing.
11:36 of 3rd period - Alexandre Texier wins face-off versus Johan Larsson in Cape Breton Oilers zone.
11:48 of 3rd period - Snap shot by Ryan Dzingel.
11:48 of 3rd period - Shot Misses the Net.
11:50 of 3rd period - Snap shot by Ryan Dzingel.
11:50 of 3rd period - Deflect By Alexandre Texier.
11:50 of 3rd period - Stopped by Matthew Villalta with a rebound.
11:52 of 3rd period - Slapshot by Caleb Jones.
11:52 of 3rd period - Deflect By Johan Larsson.
11:52 of 3rd period - Shot Misses the Net.
11:52 of 3rd period - Puck is out of play.
11:53 of 3rd period - Sean Monahan wins face-off versus Alexandre Texier in Cape Breton Oilers zone.
13:26 of 3rd period - Connor Bunnaman is hit by Ryan Dzingel and loses puck.
13:35 of 3rd period - Penalty to Jack McBain is over, Jack McBain is back on ice.
13:54 of 3rd period - Kody Clark is hit by Dominik Simon and loses puck.
14:14 of 3rd period - Philippe Myers is hit by Jack McBain and loses puck.
14:28 of 3rd period - Riley Damiani is hit by Leon Gawanke and loses puck.
14:45 of 3rd period - Philip Broberg is hit by Riley Damiani and loses puck.
14:54 of 3rd period - Wrist shot by Riley Damiani.
14:54 of 3rd period - Deflect By Jack McBain.
14:54 of 3rd period - Goal by Riley Damiani - Adelaide Pink Elephants : 5 - Cape Breton Oilers : 4.
14:55 of 3rd period - Johan Larsson wins face-off versus Alexandre Texier in neutral zone.
15:01 of 3rd period - Minor Penalty to Carl Grundstrom for Holding.
15:02 of 3rd period - Johan Larsson wins face-off versus Alexandre Texier in Cape Breton Oilers zone.
15:10 of 3rd period - Snap shot by Ryan Dzingel.
15:10 of 3rd period - Shot Misses the Net.
15:12 of 3rd period - Wrist shot by Cal Clutterbuck.
15:12 of 3rd period - Shot Misses the Net.
15:14 of 3rd period - Slapshot by Cal Clutterbuck.
15:14 of 3rd period - Goal by Cal Clutterbuck - Adelaide Pink Elephants : 6 - Cape Breton Oilers : 4.
15:15 of 3rd period - Cal Clutterbuck wins face-off versus Alexandre Texier in neutral zone.
15:42 of 3rd period - Adam Gaudette is hit by Connor Bunnaman and loses puck.
18:42 of 3rd period - Egor Afanasyev is hit by Sean Monahan and loses puck.
Goals for this period are 2 for Adelaide Pink Elephants vs 0 for Cape Breton Oilers.
Shots for this period are 9 for Adelaide Pink Elephants vs 6 for Cape Breton Oilers.
Back to the Top